BR (22 & UNDER)
LOGAN SWANS @ SANTA ANNA DUKES
09/20/2030
 
TOP OF THE 1ST
Logan Swans batting - Pitching for Santa Anna Dukes : RHP Elliott Hinton
Pitching: RHP Elliott Hinton
Batting: LHB Bob Coztana 0-0: Ball
1-0: Called Strike
1-1: Fly out, F7 (Flyball, 78M)
Batting: RHB Sergio Mora 0-0: Ball
1-0: Called Strike
1-1: Fly out, F8 (Flyball, 8RM)
Batting: RHB Víctor Cuevas 0-0: Foul Ball, location: 2F
0-1: Fly out, F8 (Flyball, 8RM)
Top of the 1st over - 0 runs, 0 hits, 0 errors, 0 left on base; Logan 0 - Santa Anna 0
BOTTOM OF THE 1ST
Santa Anna Dukes batting - Pitching for Logan Swans : RHP Terry Hoffman
Pitching: RHP Terry Hoffman
Batting: RHB Félix Sánchez 0-0: Ball
1-0: Fly out, F8 (Line Drive, 8LS)
Batting: RHB José Germán 0-0: Ground out 4-3 (Groundball, 4)
Batting: LHB Luis Miguel Martínez 0-0: Called Strike
0-1: Ball
1-1: Swinging Strike
1-2: Ball
2-2: Ball
3-2: Foul Ball, location: 2F
3-2: Foul Ball, location: 2F
3-2: Base on Balls
Batting: LHB Francisco Madraso 0-0: Ball
1-0: Swinging Strike
1-1: Ball
2-1: Ball
3-1: Swinging Strike
3-2: SINGLE (Groundball, 25) (infield hit)
Luis Miguel Martínez to second
Batting: RHB Julián García 0-0: Called Strike
0-1: Called Strike
0-2: Foul Ball, location: 2F
0-2: Strikes out swinging
Bottom of the 1st over - 0 runs, 1 hit, 0 errors, 2 left on base; Logan 0 - Santa Anna 0
TOP OF THE 2ND
Logan Swans batting - Pitching for Santa Anna Dukes : RHP Elliott Hinton
Batting: RHB Carlos Escobar 0-0: Ball
1-0: Ground out 6-3 (Groundball, 6D)
Batting: RHB José Ayala 0-0: Ground out 3-1 (Groundball, 34)
Batting: SHB Torajiro Ito 0-0: Foul Ball, location: 2F
0-1: Ball
1-1: Fly out, F8 (Flyball, 89M)
Top of the 2nd over - 0 runs, 0 hits, 0 errors, 0 left on base; Logan 0 - Santa Anna 0
BOTTOM OF THE 2ND
Santa Anna Dukes batting - Pitching for Logan Swans : RHP Terry Hoffman
Batting: RHB Pancho López 0-0: Called Strike
0-1: Ball
1-1: SINGLE (Groundball, 56) (infield hit)
Batting: RHB Félix Sandoval 0-0: Ball
1-0: Fly out, F9 (Flyball, 9S)
Batting: RHB Pablo Quintanilla 0-0: Called Strike
0-1: Ball
1-1: Swinging Strike
1-2: Ball
2-2: Ball
3-2: Base on Balls
Pancho López to second
Batting: RHB Jon Hinton 0-0: Ball
1-0: Ball
2-0: Ball
3-0: Base on Balls
Pancho López to third
Pablo Quintanilla to second
Batting: RHB Félix Sánchez 0-0: Foul Ball, location: 2F
0-1: Ball
1-1: Ball
2-1: Fly out, F7 (Flyball, 78S)
Runner from 3rd tags up, SCORES, no throw
Batting: RHB José Germán 0-0: Called Strike
0-1: Fielders Choice at 2nd, 6-4 (Groundball, 56)
Bottom of the 2nd over - 1 run, 1 hit, 0 errors, 2 left on base; Logan 0 - Santa Anna 1
TOP OF THE 3RD
Logan Swans batting - Pitching for Santa Anna Dukes : RHP Elliott Hinton
Batting: RHB Jesús Farías 0-0: Swinging Strike
0-1: Ball
1-1: Bunted foul
1-2: Ball
2-2: Foul Ball, location: 2F
2-2: Strikes out swinging
Batting: RHB Natsume Sato 0-0: Ball
1-0: Swinging Strike
1-1: Foul Ball, location: 2F
1-2: Foul Ball, location: 2F
1-2: Ball
2-2: Ball
3-2: Strikes out swinging
Batting: RHB William Hudson 0-0: Ball
1-0: Fly out, F9 (Flyball, 9LM)
Top of the 3rd over - 0 runs, 0 hits, 0 errors, 0 left on base; Logan 0 - Santa Anna 1
BOTTOM OF THE 3RD
Santa Anna Dukes batting - Pitching for Logan Swans : RHP Terry Hoffman
Batting: LHB Luis Miguel Martínez 0-0: SINGLE (Groundball, 34) (infield hit)
Batting: LHB Francisco Madraso 0-0: Ball
1-0: Foul Ball, location: 2F
1-1: Ball
2-1: Fly out, F7 (Flyball, 7)
Batting: RHB Julián García 0-0: Called Strike
0-1: Ball
1-1: Ball
2-1: Foul Ball, location: 2F
2-2: Ball
Luis Miguel Martínez is caught stealing 2nd base
3-2: Foul Ball, location: 2F
3-2: Strikes out swinging
Bottom of the 3rd over - 0 runs, 1 hit, 0 errors, 0 left on base; Logan 0 - Santa Anna 1
TOP OF THE 4TH
Logan Swans batting - Pitching for Santa Anna Dukes : RHP Elliott Hinton
Batting: LHB Bob Coztana 0-0: Ball
1-0: Foul Ball, location: 2F
1-1: Ball
2-1: Swinging Strike
2-2: SINGLE (Flyball, 78S)
Batting: RHB Sergio Mora 0-0: Called Strike
0-1: Ball
1-1: SINGLE (Groundball, 3S) (infield hit)
Bob Coztana to second
Batting: RHB Víctor Cuevas 0-0: Foul Ball, location: 2F
0-1: Called Strike
0-2: SINGLE (Line Drive, 6D)
Bob Coztana to third
Sergio Mora to second
Runner from 3rd tries for Home, SAFE, no throw
Batting: RHB Carlos Escobar 0-0: Swinging Strike
0-1: Ball
1-1: Ball
Wild Pitch!
Sergio Mora to third
Víctor Cuevas to second
2-1: Swinging Strike
2-2: Fly out, F9 (Flyball, 9S)
Batting: RHB José Ayala 0-0: Ball
1-0: Called Strike
1-1: Swinging Strike
1-2: Ball
2-2: Ball
3-2: Base on Balls
Batting: SHB Torajiro Ito 0-0: Called Strike
0-1: Called Strike
0-2: Strikes out swinging
Batting: RHB Jesús Farías 0-0: Foul Ball, location: 2F
0-1: Ball
1-1: Ball
Wild Pitch!
Sergio Mora scores
Víctor Cuevas to third
José Ayala to second
2-1: DOUBLE (Line Drive, 8RD)
Víctor Cuevas scores
José Ayala scores
Batting: RHB Natsume Sato 0-0: Ball
1-0: Fly out, F3 (Popup, 3S)
Top of the 4th over - 4 runs, 4 hits, 0 errors, 1 left on base; Logan 4 - Santa Anna 1
BOTTOM OF THE 4TH
Santa Anna Dukes batting - Pitching for Logan Swans : RHP Terry Hoffman
Batting: RHB Pancho López 0-0: Called Strike
0-1: Foul Ball, location: 2F
0-2: SINGLE (Line Drive, 8LS)
Batting: RHB Félix Sandoval 0-0: SINGLE (Line Drive, 6MD)
Pancho López to second
Batting: RHB Pablo Quintanilla 0-0: Ball
1-0: Called Strike
1-1: Ground out 4-3 (Groundball, 4S)
Pancho López to third
Félix Sandoval to second
Batting: RHB Jon Hinton 0-0: Ball
1-0: Swinging Strike
1-1: Foul Ball, location: 2F
1-2: Strikes out swinging
Batting: RHB Félix Sánchez 0-0: Fly out, F7 (Flyball, 7LM)
Bottom of the 4th over - 0 runs, 2 hits, 0 errors, 2 left on base; Logan 4 - Santa Anna 1
TOP OF THE 5TH
Logan Swans batting - Pitching for Santa Anna Dukes : RHP Elliott Hinton
Batting: RHB William Hudson 0-0: Called Strike
0-1: Foul Ball, location: 2F
0-2: Foul Ball, location: 2F
0-2: Ball
1-2: Fly out, F6 (Flyball, 6MD)
Batting: LHB Bob Coztana 0-0: Called Strike
0-1: Ground out 4-3 (Groundball, 4)
Batting: RHB Sergio Mora 0-0: Ball
1-0: Fly out, F9 (Flyball, 9)
Top of the 5th over - 0 runs, 0 hits, 0 errors, 0 left on base; Logan 4 - Santa Anna 1
BOTTOM OF THE 5TH
Santa Anna Dukes batting - Pitching for Logan Swans : RHP Terry Hoffman
Batting: RHB José Germán 0-0: Ball
1-0: Called Strike
1-1: Called Strike
1-2: Ball
2-2: Strikes out swinging
Batting: LHB Luis Miguel Martínez 0-0: Called Strike
0-1: Swinging Strike
0-2: Foul Ball, location: 2F
0-2: Ball
1-2: Ball
2-2: Strikes out swinging
Batting: LHB Francisco Madraso 0-0: Ball
1-0: Ball
2-0: Foul Ball, location: 2F
2-1: Ball
3-1: Foul Ball, location: 2F
3-2: Foul Ball, location: 2F
3-2: Fly out, F8 (Flyball, 8LM)
Bottom of the 5th over - 0 runs, 0 hits, 0 errors, 0 left on base; Logan 4 - Santa Anna 1
TOP OF THE 6TH
Logan Swans batting - Pitching for Santa Anna Dukes : RHP Elliott Hinton
Batting: RHB Víctor Cuevas 0-0: Ball
1-0: Foul Ball, location: 2F
1-1: Ground out 3-1 (Groundball, 34)
Batting: RHB Carlos Escobar 0-0: Foul Ball, location: 2F
0-1: SINGLE (Groundball, 6MD)
Batting: RHB José Ayala 0-0: Swinging Strike
0-1: Swinging Strike
0-2: Ball
1-2: Ball
2-2: Strikes out swinging
Batting: SHB Torajiro Ito 0-0: SINGLE (Line Drive, 3L)
Carlos Escobar to second
Batting: RHB Jesús Farías 0-0: Ball
1-0: SINGLE (Line Drive, 9LS)
Carlos Escobar to third
Torajiro Ito to second
Runner from 3rd tries for Home, SAFE, throw made home
Batting: RHB Natsume Sato 0-0: Fly out, F9 (Flyball, 9LMF)
Top of the 6th over - 1 run, 3 hits, 0 errors, 2 left on base; Logan 5 - Santa Anna 1
BOTTOM OF THE 6TH
Santa Anna Dukes batting - Pitching for Logan Swans : RHP Terry Hoffman
Pitching: RHP Alberto Menéndez
Batting: RHB Julián García 0-0: Ball
1-0: Ball
2-0: Called Strike
2-1: Swinging Strike
2-2: Ball
3-2: Foul Ball, location: 2F
3-2: Foul Ball, location: 2F
3-2: Strikes out swinging, 2-3 out at first.
Batting: RHB Pancho López 0-0: Swinging Strike
0-1: Foul Ball, location: 2F
0-2: Strikes out swinging
Batting: RHB Félix Sandoval 0-0: Called Strike
0-1: Swinging Strike
0-2: Ball
1-2: Ball
2-2: Strikes out swinging
Bottom of the 6th over - 0 runs, 0 hits, 0 errors, 0 left on base; Logan 5 - Santa Anna 1
TOP OF THE 7TH
Logan Swans batting - Pitching for Santa Anna Dukes : RHP Elliott Hinton
Pitching: RHP Troy Perkins
Batting: RHB William Hudson 0-0: Ball
1-0: Foul Ball, location: 2F
1-1: Fly out, F8 (Flyball, 8LM)
Batting: LHB Bob Coztana 0-0: Ball
1-0: Ground out 6-3 (Groundball, 6)
Batting: RHB Sergio Mora 0-0: SOLO HOME RUN (Flyball, 78XD), Distance : 429 ft
Batting: RHB Víctor Cuevas 0-0: Called Strike
0-1: Called Strike
0-2: Strikes out swinging
Top of the 7th over - 1 run, 1 hit, 0 errors, 0 left on base; Logan 6 - Santa Anna 1
BOTTOM OF THE 7TH
Santa Anna Dukes batting - Pitching for Logan Swans : RHP Alberto Menéndez
Batting: RHB Pablo Quintanilla 0-0: TRIPLE (Flyball, 8LXD)
Batting: RHB Jon Hinton 0-0: Foul Ball, location: 2F
0-1: Called Strike
0-2: Ball
1-2: Ball
2-2: Foul Ball, location: 2F
2-2: Strikes out swinging
Batting: RHB Félix Sánchez 0-0: Ball
1-0: Ball
2-0: Swinging Strike
2-1: Fly out, F7 (Flyball, 7S)
Batting: RHB José Germán 0-0: Ground out 5-3 (Groundball, 56)
Bottom of the 7th over - 0 runs, 1 hit, 0 errors, 1 left on base; Logan 6 - Santa Anna 1
TOP OF THE 8TH
Logan Swans batting - Pitching for Santa Anna Dukes : RHP Troy Perkins
Batting: RHB Carlos Escobar 0-0: Ball
1-0: Fly out, F9 (Flyball, 9LMF)
Batting: RHB José Ayala 0-0: Foul Ball, location: 2F
0-1: Ground out 6-3 (Groundball, 6)
Batting: SHB Torajiro Ito 0-0: Ball
1-0: Called Strike
1-1: Foul Ball, location: 2F
1-2: Ball
2-2: Fly out, F9 (Flyball, 9)
Top of the 8th over - 0 runs, 0 hits, 0 errors, 0 left on base; Logan 6 - Santa Anna 1
BOTTOM OF THE 8TH
Santa Anna Dukes batting - Pitching for Logan Swans : RHP Alberto Menéndez
Now at 1B: Roger Faulkner
Now at SS: Darrell Beard
Now in LF: Ricardo Manegdeg
Batting: LHB Luis Miguel Martínez 0-0: Ball
1-0: Ground out 4-3 (Groundball, 4M)
Batting: LHB Francisco Madraso 0-0: Ball
1-0: Foul Ball, location: 2F
1-1: Swinging Strike
1-2: Ball
2-2: Ball
3-2: Foul Ball, location: 2F
3-2: Base on Balls
Batting: RHB Julián García 0-0: Called Strike
0-1: Swinging Strike
0-2: Ball
1-2: Ball
2-2: Foul Ball, location: 2F
2-2: DOUBLE (Line Drive, 8LD)
Francisco Madraso to third
Batting: RHB Pancho López 0-0: Called Strike
0-1: Ball
1-1: Ball
2-1: Ball
Wild Pitch!
Francisco Madraso scores
Julián García to third
3-1: Foul Ball, location: 2F
3-2: Foul Ball, location: 2F
3-2: Ground out 3-1 (Groundball, 34S)
Julián García scores
Batting: RHB Félix Sandoval 0-0: Foul Ball, location: 2F
0-1: Ground out 5-3 (Groundball, 5S)
Bottom of the 8th over - 2 runs, 1 hit, 0 errors, 0 left on base; Logan 6 - Santa Anna 3
TOP OF THE 9TH
Logan Swans batting - Pitching for Santa Anna Dukes : RHP Troy Perkins
Batting: RHB Jesús Farías 0-0: Called Strike
0-1: Bunt for hit - play at first, batter OUT! 2-3
Batting: RHB Natsume Sato 0-0: Called Strike
0-1: Ball
1-1: Fly out, F6 (Popup, 6M)
Batting: RHB William Hudson 0-0: Called Strike
0-1: Called Strike
0-2: Strikes out swinging
Top of the 9th over - 0 runs, 0 hits, 0 errors, 0 left on base; Logan 6 - Santa Anna 3
BOTTOM OF THE 9TH
Santa Anna Dukes batting - Pitching for Logan Swans : RHP Alberto Menéndez
Batting: RHB Pablo Quintanilla 0-0: Ball
1-0: Called Strike
1-1: Ball
2-1: Fly out, F7 (Flyball, 7LM)
Batting: RHB Jon Hinton 0-0: Called Strike
0-1: Foul Ball, location: 2F
0-2: Ball
1-2: Foul Ball, location: 2F
1-2: Foul Ball, location: 2F
1-2: Strikes out swinging
Batting: RHB Félix Sánchez 0-0: Fly out, F8 (Flyball, 8LM)
Bottom of the 9th over - 0 runs, 0 hits, 0 errors, 0 left on base; Logan 6 - Santa Anna 3
Saturday, April 7th, 2018 - OOTP Baseball 18.8 Build 76